 Seeded DCSS version 0.29.1-15-g9cfb28693d (webtiles) character file.

Game seed: 15908295855184678690 (custom seed)

73 GigaChad the Shield-Bearer (level 4, -4/40 HPs)
             Began as a Minotaur Fighter on Mar 14, 2023.
             Slain by Sigmund
             ... wielding a +0 scythe
              (6 damage)
             ... on level 3 of the Dungeon.
             The game lasted 00:01:48 (1536 turns).

GigaChad the Shield-Bearer (Minotaur Fighter)       Turns: 1536, Time: 00:01:48

Health: -4/40      AC:  7    Str: 22    XL:     4   Next: 8%
Magic:  3/3        EV:  9    Int:  5    God:
Gold:   1356       SH:  5    Dex: 16    Spells: 3/3 levels left

rFire   . . .      SeeInvis +   a - +0 war axe
rCold   . . .      Faith    .   c - +0 buckler
rNeg    . . .      Spirit   .   b - +0 scale mail
rPois   .          Reflect  .   (helmet restricted)
rElec   .          Harm     .   (no cloak)
rCorr   .          Rampage  .   (no gloves)
Will    .....                   (no boots)
Stlth   ..........              (no amulet)
HPRegen 0.13/turn               k - +6 ring of dexterity
MPRegen 0.08/turn               h - ring of see invisible

@: no status effects
A: horns 2, retaliatory headbutt
a: no special abilities


You were on level 3 of the Dungeon.
You visited 1 branch of the dungeon, and saw 3 of its levels.

You collected 1356 gold pieces.

Inventory:

Hand Weapons
 a - a +0 war axe (weapon)
Armour
 b - a +0 scale mail (worn)
 c - a +0 buckler (worn)
Jewellery
 f - a +4 ring of evasion
 h - a ring of see invisible (right hand)
 k - a +6 ring of dexterity (left hand)
Scrolls
 j - a scroll of torment {unknown}
 m - a scroll of identify
 n - a scroll of noise {unknown}
Potions
 d - a potion of might
 e - a potion of brilliance {unknown}
 g - a potion of ambrosia {unknown}
 i - 2 potions of curing {unknown}
 l - a potion of degeneration {unknown}


   Skills:
 + Level 4.2 Fighting
 + Level 3.1 Axes
 + Level 4.2 Armour
 + Level 0.1 Dodging
 + Level 4.6 Shields


You had 3 spell levels left.
You didn't know any spells.
Your spell library was empty.

Dungeon Overview and Level Annotations

Branches:
Dungeon (3/15)

Altars:
Trog

Annotations:
D:3 Sigmund


Innate Abilities, Weirdness & Mutations

You have a pair of horns on your head.
You reflexively headbutt those who attack you in melee.


Message History

You closely miss Terence.
Terence is heavily wounded.
Terence hits you with a +0 hand axe. Sigmund barely misses you.
Terence hits you with a +0 hand axe!
You closely miss Terence.
Terence is heavily wounded.
You block Terence's attack.
Sigmund casts a spell.
Sigmund flickers and vanishes for a moment.
You hit Terence. Your headbutt misses Terence.
Terence is severely wounded.
Terence misses you. You block Sigmund's attack.
Terence hits you with a +0 hand axe.
* * * LOW HITPOINT WARNING * * *
You barely miss Terence.
Terence is severely wounded.
Sigmund hits you from afar with a +0 scythe.
* * * LOW HITPOINT WARNING * * *
Terence hits you but does no damage.
You barely miss Terence.
Terence is severely wounded.
Terence barely misses you. Sigmund barely misses you.
You hit Terence.
Terence is severely wounded.
Terence hits you but does no damage. Sigmund barely misses you.
Terence shouts, "Now you die!" Terence closely misses you.
You barely miss Terence. You headbutt Terence.
Terence is almost dead.
You block Terence's attack. Sigmund barely misses you.
You hit Terence.
You kill Terence!
Sigmund points at you and mumbles some strange words.
The magic dart hits you.
* * * LOW HITPOINT WARNING * * *
Your Axes skill increases to level 3!
You have reached level 4!
You feel agile. Sigmund hits you with a +0 scythe.
You die...

.##.### ##.#
######## . #...#
#†.# #...... .
###.####>## #.....
#.......###..... .
######........###..#
#.................#
#........#....##
#..###.###.#.## ####
#.###.#@# #.....#@#
#......#....#
#.###.##@####
...[... ....@...#
#......@..#
#.........#
#.........#


You could see Sigmund (invisible).

Vanquished Creatures
  Terence (D:3)
  An adder (D:2)
  An adder zombie (D:2)
  A dart slug (D:3)
  A bat zombie (D:2)
  An endoplasm (D:1)
  2 giant cockroaches
  5 goblins
  A hobgoblin (D:3)
  2 jackals (D:2)
  2 quokkas (D:2)
  3 ball pythons
  3 bats
  4 frilled lizards
  2 kobolds (D:1)
  4 rats
34 creatures vanquished.

Vanquished Creatures (others)
  A withered plant (D:2)
1 creature vanquished.

Grand Total: 35 creatures vanquished

Notes
Turn   | Place    | Note
-------+----------+-------------------------------------------
     0 | D:1      | GigaChad the Minotaur Fighter began the quest for the Orb.
     0 | D:1      | Reached XP level 1. HP: 19/19 MP: 0/0
   246 | D:1      | Found a faded altar of an unknown god.
   601 | D:1      | Reached XP level 2. HP: 27/27 MP: 1/1
   653 | D:1      | Identified a scroll of acquirement
   654 | D:1      | Acquired 1233 gold pieces
   984 | D:2      | Reached XP level 3. HP: 24/33 MP: 2/2
  1061 | D:2      | Found a bloodstained altar of Trog.
  1517 | D:3      | Noticed Sigmund
  1517 | D:3      | Noticed Terence
  1535 | D:3      | Killed Terence
  1535 | D:3      | HP: 1/33 [Sigmund/magic dart (6)]
  1536 | D:3      | Reached XP level 4. HP: 2/40 MP: 3/3
  1536 | D:3      | Slain by Sigmund

Illustrated notes

Levels and vault maps discovered:
D:1:      dpeg_arrival_pond, layout_basic, shapermc_ecumenical_altar_notcrosses
D:2:      layout_rooms, basic_altar, serial_undead, serial_undead_c,
          serial_undead_d, serial_undead_b, serial_undead_b
D:3:      layout_rooms, lexackson_kobold_supper, uniq_sigmund, uniq_natasha,
          uniq_terence

Skill      XL: |  1  2  3 |
---------------+----------+-----
Shields        | 4 |  4.6
Armour         | 4 |  4.2
Fighting       | 4 |  4.2
Axes           | 3 |  3.1
Dodging        | |  0.1

Action                   |  1- 3 |  4- 6 || total
-------------------------+-------+-------++-------
Melee: War axe           |    81 |       ||    81
       Headbutt          |    12 |       ||    12
  Use: Scroll            |     3 |       ||     3
Armor: Scale mail        |    41 |       ||    41
Dodge: Dodged            |    43 |       ||    43
Block: Buckler           |    23 |       ||    23
